 Dungeon Crawl Stone Soup version 0.25-a0-94-g9e23508adf (webtiles) character file.

Game seed: 422285136055369991, levelgen mode: deterministic

279 Arixos the Skirmisher (level 6, -3/49 HPs)
             Began as a Demonspawn Monk on Nov 11, 2019.
             Slain by an orc
             ... wielding a +0 flail
              (5 damage)
             ... on level 3 of the Dungeon.
             The game lasted 00:12:19 (3568 turns).

Arixos the Skirmisher (Demonspawn Monk)             Turns: 3568, Time: 00:12:20

Health: -3/49      AC: 10    Str: 15    XL:     6   Next: 5%
Magic:  6/6        EV: 11    Int: 12    God:
Gold:   206        SH:  0    Dex: 15    Spells: 5/5 levels left

rFire    . . .     SeeInvis .     - Unarmed
rCold    + . .     Gourm    .   (no shield)
rNeg     . . .     Faith    .   s - +1 scale mail of Qeich {Str+2}
rPois    .         Spirit   .   a - +0 helmet
rElec    .         Reflect  .   (no cloak)
rCorr    .         Harm     .   (no gloves)
MR       .....                  q - +0 pair of boots
Stlth    +.........             (no amulet)
HPRegen  0.16/turn              l - ring of protection from cold
MPRegen  0.10/turn              (no ring)

@: no status effects
A: spiny 2
a: no special abilities


You were on level 3 of the Dungeon.
You were not hungry.

You visited 2 branches of the dungeon, and saw 5 of its levels.

You collected 206 gold pieces.

Inventory:

Missiles
 m - 8 poisoned darts (quivered)
Armour
 a - a +0 helmet (worn)
 q - a +0 pair of boots (worn)
 s - the +1 scale mail of Qeich (worn) {Str+2}
   (You found it on level 4 of the Dungeon)

   It affects your strength (+2).
Jewellery
 l - a ring of protection from cold (left hand)
Scrolls
 d - 2 scrolls of identify
 e - 6 scrolls of remove curse
 i - a scroll of magic mapping {unknown}
 j - a scroll of teleportation {unknown}
 n - a scroll of enchant weapon {unknown}
 p - 2 scrolls of fog {unknown}
 r - 2 scrolls of fear {unknown}
 t - a scroll of enchant armour {unknown}
 v - a scroll of amnesia {unknown}
Potions
 c - a potion of mutation
 f - a potion of agility {unknown}
 h - a potion of brilliance {unknown}
 k - 2 potions of curing {unknown}
 o - 2 potions of lignification {unknown}
 u - a potion of magic {unknown}
Comestibles
 b - 6 rations
 g - 2 chunks of flesh


   Skills:
 + Level 4.6 Fighting
 + Level 2.9 Armour
 + Level 4.1 Dodging
 - Level 1.7 Stealth
 - Level 2.6 Unarmed Combat


You had 5 spell levels left.
You didn't know any spells.
Your spell library was empty.

Dungeon Overview and Level Annotations

Branches:
Dungeon (4/15)             Temple (1/1) D:4

Altars:
Ashenzari
Cheibriados
Dithmenos
Elyvilon
Fedhas
Gozag
Hepliaklqana
Kikubaaqudgha
Makhleb
Nemelex Xobeh
Okawaru
Qazlal
Sif Muna
Trog
Uskayaw
Wu Jian
Xom
Yredelemnul
The Shining One


Innate Abilities, Weirdness & Mutations

You are mostly covered in sharp spines.


Message History

You see here a +0 dagger.
You punch the orc!
You kill the orc!
The orc priest closely misses you.
Items here: )) [ † a +0 flail; a +0 leather armour; a +0 dagger; an orc corpse You hit the orc but do no damage.
The orc barely misses you.
You hit the orc but do no damage.
The orc priest calls down the wrath of Beogh upon you.
Beogh smites you! The orc hits you but does no damage.
You hit the orc but do no damage.
The orc priest invokes the aid of Beogh against you.
Beogh smites you! The orc hits you with a +0 flail!
* * * LOW HITPOINT WARNING * * *
You are too injured to fight recklessly!
You closely miss the orc.
The orc priest hits you from afar with a +0 trident.
* * * LOW HITPOINT WARNING * * *
The orc hits you with a +0 flail.
You die...

.# #..###..............<........
#####........................÷...
......[...................>#.###.
#.............<...............##.
.#.###.#..###.#.##.###...........
##.# #.#..##..#.##.###.###.#.###.
.# # #.#..##.##o##.#.............
## #.#.......o#......#.....####
.# #.#########@÷..####.........
###################..............
....................####.#<......
..#...#...#(..#...#.# #.########
_...................# #.#
..#...#...#...#...#[# #.#
...................## #.#
#################### #.# .# #.#


You could see an orc priest and an orc.

Vanquished Creatures
  A howler monkey (D:3)
  A hound (D:4)
  An iguana (D:4)
  A worker ant (D:4)
  A hound skeleton (D:4)
  4 adders
  3 oozes
  An adder skeleton (D:4)
  A worm (D:4)
  4 dart slugs
  6 leopard geckos
  4 orcs (D:3)
  A ball python (D:1)
  8 bats
  A giant cockroach (D:1)
  10 goblins
  6 hobgoblins
  9 jackals
  4 quokkas
  6 frilled lizards
  4 kobolds
  7 rats
84 creatures vanquished.

Notes
Turn   | Place    | Note
-------+----------+-------------------------------------------
     0 | D:1      | Arixos the Demonspawn Monk began the quest for the Orb.
     0 | D:1      | Reached XP level 1. HP: 18/18 MP: 1/1
   219 | D:1      | Gained mutation: You are partially covered in sharp spines.
                  | [demonic ancestry]
   219 | D:1      | Reached XP level 2. HP: 24/24 MP: 2/2
   499 | D:1      | Reached skill level 1 in Armour
   759 | D:1      | Reached XP level 3. HP: 29/29 MP: 3/3
  1043 | D:2      | Reached XP level 4. HP: 34/37 MP: 4/4
  1225 | D:2      | Found a white marble altar of Elyvilon.
  1254 | D:2      | Found a burning altar of Makhleb.
  1350 | D:2      | Found a basalt altar of Yredelemnul.
  1524 | D:3      | Found a sparkling altar of Nemelex Xobeh.
  1672 | D:4      | Found a staircase to the Ecumenical Temple.
  2220 | Temple   | Entered the Ecumenical Temple
  2691 | D:4      | Gained mutation: You are mostly covered in sharp spines.
                  | [demonic ancestry]
  2691 | D:4      | Reached XP level 5. HP: 37/42 MP: 5/5
  2942 | D:4      | Got a tiger eye-studded scale mail
  2953 | D:4      | Identified the +1 scale mail of Qeich {Str+2} (You found it
                  | on level 4 of the Dungeon)
  3037 | D:4      | Noticed a phantom
  3396 | D:3      | Found a faded altar of an unknown god.
  3515 | D:3      | Reached XP level 6. HP: 49/49 MP: 6/6
  3535 | D:3      | Found an iron altar of Okawaru.
  3568 | D:3      | HP: 2/49 [orc priest/+0 trident (6)]
  3568 | D:3      | Slain by an orc

Levels and vault maps discovered:
D:1:      minmay_arrival_shattered_statue, layout_basic
D:2:      layout_rooms, kennysheep_ying_yang, lightli_temple_of_fire
D:3:      layout_basic, nemelex_xobeh_ov_fountains_minmay,
          lemuel_coloured_pillars_altar, chequers_ecumenical_altar_grove
D:4:      layout_basic, minmay_temple_entry_tees, first_ration
Temple:   minmay_temple_curvy_branch

Skill      XL: |  1  2  3  4  5 |
---------------+----------------+-----
Dodging        | 3 4 |  4.1
Armour         | 1 2 |  2.9
Fighting       | 4 |  4.6
Stealth        | |  1.7
Unarmed Combat | |  2.6

Action                   |  1- 3 |  4- 6 || total
-------------------------+-------+-------++-------
Melee: Whip              |    11 |       ||    11
       Unarmed           |    77 |   154 ||   231
  Use: Scroll            |       |     2 ||     2
 Stab: Sleeping          |     1 |       ||     1
  Eat: Chunk             |       |     8 ||     8
Armor: Robe              |     2 |       ||     2
       Chain mail        |    34 |    68 ||   102
       Ring mail         |     3 |       ||     3
       Scale mail        |       |     8 ||     8
Dodge: Dodged            |    36 |    66 ||   102

Table legend:
 A = Non-vault XP
 B = Vault XP
 C = Vault XP percentage of total XP
 D = Non-vault monster count
 E = Vault monster count
 F = Vault count percentage of total count
                 A         B        C        D         E       F
            +---------+---------+-------+---------+---------+-------
      Total |     399 |       0 |   0.0 |      84 |       0 |   0.0
            +---------+---------+-------+---------+---------+-------
        D:1 |      49 |       0 |   0.0 |      25 |       0 |   0.0
        D:2 |      87 |       0 |   0.0 |      26 |       0 |   0.0
        D:3 |      91 |       0 |   0.0 |      16 |       0 |   0.0
        D:4 |     172 |       0 |   0.0 |      17 |       0 |   0.0
            +---------+---------+-------+---------+---------+-------
